AoeStats
← davidosorno2005

Fortress

510566457Analyzed
1v1 RM · 2d ago on Oct 1, 2026· 47m 52s· 2 players
Game mode
Random Map
Map size
Small (3 player)
Population
200
Speed
Normal
Resources
Standard
Victory
Conquest
Starting age
Dark Age
Ending age
Imperial Age
RankedLock teamsTeams togetherTeam positionsShared explorationLock speedFull tech treeHidden civsTurbo modeCheats
Victory
Defeat
🇪🇸 Vietnamese · Spain
1051
+17
🇷🇺 Slavs · Russia
1062
-17
davidosorno2005
8:26 Feudal Age
9:19 Double-Bit Axe
12:34 Castle Age
10:39 Horse Collar
10:53 Gold Mining
13:27 Wheelbarrow
14:09 Bow Saw
14:02 Heavy Plow
20:38 Stone Mining
22:14 Hand Cart
21:45 Loom
21:47 Town Watch
22:29 Fletching
23:22 Ballistics
27:44 Imperial Age
25:42 Town Patrol
26:56 Pikeman
27:37 Squires
27:05 Elite Skirmisher
27:56 Halberdier
27:59 Imperial Skirmisher
28:42 Bodkin Arrow
28:47 Padded Archer Armor
28:48 Scale Mail Armor
28:58 Forging
29:52 Chemistry
29:03 Masonry
29:41 Bracer
29:56 Leather Archer Armor
31:44 Thumb Ring
32:26 Iron Casting
32:21 Ring Archer Armor
32:06 Chain Mail Armor
32:39 Stone Shaft Mining
32:50 Crop Rotation
33:33 Paper Money
36:33 Two-Man Saw
40:02 Plate Mail Armor
39:38 Scale Barding Armor
41:22 Bloodlines
41:12 Husbandry
40:33 Elite Battle Elephant
43:21 Chatras
44:04 Hoardings
45:00 Chain Barding Armor
46:45 Plate Barding Armor
naa
0:32 Loom
7:46 Feudal Age
12:41 Castle Age
10:46 Double-Bit Axe
10:44 Horse Collar
11:50 Gold Mining
17:08 Wheelbarrow
18:14 Bow Saw
18:19 Stone Mining
19:04 Padded Archer Armor
20:45 Heavy Plow
21:09 Detinets
21:29 Squires
25:00 Pikeman
26:58 Hand Cart
27:13 Town Watch
28:08 Gold Shaft Mining
32:08 Imperial Age
30:34 Town Patrol
31:26 Bloodlines
31:36 Husbandry
32:30 Ballistics
32:06 Murder Holes
32:22 Masonry
33:15 Conscription
32:18 Halberdier
35:15 Two-Man Saw
35:10 Crop Rotation
36:18 Elite Boyar
40:12 Light Cavalry
40:57 Druzhina
43:12 Hoardings
Connection lost

Rejoining the realm…

Still unreachable

The connection could not be restored.

Session expired

The server has moved on; the page needs a fresh start.